 Dungeon Crawl Stone Soup version 0.30.1-11-g7821555f0a (webtiles) character file.

Game seed: 7536827646505932832

18030 Wiggles the Severer (level 12, -6/112 HPs)
             Began as a Minotaur Berserker on Nov 28, 2023.
             Was a High Priest of Trog.
             Mangled by Sonja
             ... wielding a +2 short sword of distortion
              (21 damage)
             ... on level 1 of the Lair of Beasts.
             The game lasted 00:18:27 (10220 turns).

Wiggles the Severer (Minotaur Berserker)           Turns: 10220, Time: 00:18:28

Health: -6/112     AC: 19    Str: 29    XL:     12   Next: 24%
Magic:  11/11      EV: 14    Int:  9    God:    Trog [*****.]
Gold:   598        SH:  5    Dex: 11    Spells: 11/11 levels left

rFire   + . .        x - +2 broad axe (chaos)
rCold   . . .        e - +0 buckler
rNeg    . . .        y - +0 plate armour
rPois   .            j - +0 hat of the Miller {-Cast Str+3 Slay+3}
rElec   .            G - scarf {repulsion}
rCorr   .            g - +2 pair of gloves
SInv    .            (no boots)
Will    .....        (no amulet) Stlth
                     m - +5 ring of evasion
HPRegen 0.38/turn    r - ring of Recklessness {Drain rF+ Int+5 Slay+5}
MPRegen 0.12/turn

%: no spellcasting, repel missiles
@: lethally poisoned (-6 -> -9), slowed, studying Armour, very slow
A: horns 2, retaliatory headbutt
a: Renounce Religion, Berserk, Trog's Hand, Brothers in Arms


You were on level 1 of the Lair of Beasts.
You worshipped Trog.
Trog was extremely pleased with you.
You visited 2 branches of the dungeon, and saw 12 of its levels.
You visited the Abyss 1 time.
You also visited: Sewer and Bailey.

You collected 598 gold pieces.

Inventory:

Hand Weapons
 x - a +2 broad axe of chaos (weapon)
 F - a +1 executioner's axe of flaming
Missiles
 A - a throwing net (quivered)
Armour
 e - a +0 buckler (worn)
 g - a +2 pair of gloves (worn)
 j - the +0 hat of the Miller (worn) {-Cast Str+3 Slay+3}
   (You acquired it on level 5 of the Dungeon)

   Str:       It affects your strength (+3).
   Slay:      It affects your accuracy & damage with ranged weapons and melee
   (+3).
   -Cast:     It prevents spellcasting.
 y - a +0 plate armour (worn)
 G - a scarf of repulsion (worn)
Jewellery
 m - a +5 ring of evasion (left hand)
 r - the ring of Recklessness (right hand) {Drain rF+ Int+5 Slay+5}
   (You acquired it in a bailey)

   [ring of protection from fire]

   Int:       It affects your intelligence (+5).
   Slay:      It affects your accuracy & damage with ranged weapons and melee
   (+5).
   rF:        It protects you from fire.
   Drain:     It drains your maximum health when unequipped.
 u - a ring of positive energy
Wands
 h - a wand of paralysis (6)
 p - a wand of digging (4)
 D - a wand of iceblast (8)
 E - a wand of quicksilver (13)
 I - a wand of flame (7)
Scrolls
 a - 9 scrolls of teleportation
 b - 2 scrolls of vulnerability
 i - 3 scrolls of enchant armour
 k - 2 scrolls of fog
 v - 2 scrolls of blinking
 H - a scroll of identify
Potions
 c - 3 potions of resistance
 d - 2 potions of berserk rage
 f - 3 potions of ambrosia
 l - 4 potions of attraction
 n - a potion of invisibility {unknown}
 o - 10 potions of curing
 q - 4 potions of might
 s - 5 potions of flight
 t - 2 potions of cancellation {unknown}
 w - 3 potions of haste
 z - 3 potions of brilliance
 B - a potion of degeneration {unknown}
 C - 2 potions of mutation {unknown}


   Skills:
 + Level 12.2 Fighting
 + Level 17.2 Axes
 + Level 12.9 Armour
 + Level 4.4 Dodging
 + Level 1.3 Stealth
 + Level 4.5 Shields


You had 11 spell levels left.
You didn't know any spells.
Your spell library was empty.

Dungeon Overview and Level Annotations

Branches:
Dungeon (11/15)            Temple (0/1) D:5            Lair (1/5) D:9
    Orc (0/2) D:10          Sewer (visited)          Bailey (visited)

Altars:
Nemelex Xobeh
Uskayaw
Yredelemnul

Shops:
D:11 =

Annotations:
Lair:1 Sonja


Innate Abilities, Weirdness & Mutations

You have a pair of horns on your head.
You reflexively headbutt those who attack you in melee.


Message History

The wolf closely misses you.
Sonja throws a curare-tipped dart.
The curare-tipped dart misses you. The wolf closely misses you.
You see here a wolf corpse.
Sonja throws a curare-tipped dart.
The curare-tipped dart closely misses you.
The curare-tipped dart closely misses the wolf.
The wolf bites you but does no damage. The wolf completely misses you.
The wolf bites you but does no damage. The wolf attacks as you move away!
The wolf barely misses you. You furiously retaliate!
You headbutt the wolf!
Sonja casts a spell.
Sonja blinks!
Sonja throws a curare-tipped dart.
You block the curare-tipped dart.
Sonja throws a curare-tipped dart.
The curare-tipped dart hits you.
You are poisoned.
You have difficulty breathing.
You feel yourself slow down. The wolf bites you but does no damage.
The wolf attacks as you move away! The wolf completely misses you.
You feel very sick. The wolf completely misses you.
The wolf bites you but does no damage. The wolf attacks as you move away!
The wolf barely misses you. You furiously retaliate!
You headbutt the wolf!
You kill the wolf!
Trog accepts your kill.
You feel sick.
Sonja mumbles some strange words.
Sonja blinks!
You feel sick.
Sonja hits you with a +2 short sword of distortion.
Space warps horribly around you!
Sonja hits you with a +2 short sword of distortion.
Space warps around you. Sonja hits you but does no damage.
Space warps around you.
* * * LOW HITPOINT WARNING * * *
Sonja hits you but does no damage. Space warps horribly around you!
* * * LOW HITPOINT WARNING * * *
Sonja hits you but does no damage. Space warps around you.
* * * LOW HITPOINT WARNING * * *
Sonja hits you but does no damage. Space warps horribly around you!!
You die...

.# .# ... .. #..##
.# #...## ##.
#...###.## ....
#....##..# ....
#..§...# .....
#..@..### .....
#...K...## ......
##..##..†####......
##..#####...†.#
##..## ###...#
#..## #.#.......
##.## #####.....
### ##.## ..!..
##.## ###.## ##..


You could see Sonja.

Vanquished Creatures
  Gastronok (D:10)
  The ghost of FakeRyeBread the Fighter, a journeyman DjCj of Ashenzari (D:10)
  A death yak (D:8)
  Nergalle (D:10)
  A deep elf pyromancer (D:10)
  An orc knight (Bailey)
  4 cyclopes
  A gargoyle (D:10)
  Psyche (D:10)
  Maggie (D:6)
  A komodo dragon (D:9)
  An unseen horror (D:10)
  A troll (D:11)
  A hornet (D:8)
  A jumping spider (shapeshifter) (D:11)
  Sigmund (D:4)
  4 wyverns
  Eustachio (D:6)
  A basilisk (Lair:1)
  An unseen horror simulacrum (D:8)
  23 yaks
  Grum (Lair:1)
  A steam dragon (D:8)
  5 water moccasins
  2 black bears
  2 sky beasts
  9 orc warriors
  4 ogres
  6 wolves
  3 centaurs
  A phantom (D:4)
  A kobold brigand (D:7)
  5 bullfrogs
  2 necrophages (D:4)
  17 wights
  5 killer bees (D:10)
  3 electric eels
  2 howler monkeys
  2 jellies
  A bullfrog zombie (D:4)
  3 hounds
  2 orc priests
  A gnoll bouda (D:7)
  A human zombie (D:4)
  2 sleepcaps
  Ijyb (D:3)
  Terence (D:3)
  8 iguanas
  17 orc wizards
  A scorpion zombie (D:4)
  A sickly merfolk siren (Sewer)
  A malarious merfolk avatar (Sewer)
  A hound zombie (D:4)
  A mummy (D:4)
  A howler monkey zombie (D:4)
  15 gnolls
  8 adders
  A shadow imp (D:7)
  6 white imps
  A howler monkey simulacrum (D:8)
  An ufetubus (D:8)
  2 adder zombies (D:4)
  4 worms
  9 dart slugs
  34 orcs
  5 bats
  8 endoplasms
  5 giant cockroaches
  7 goblins
  7 hobgoblins
  7 jackals
  5 quokkas
  13 ball pythons
  11 frilled lizards
  4 kobolds (D:7)
  30 rats
346 creatures vanquished.

Notes
Turn   | Place    | Note
-------+----------+-------------------------------------------
     0 | D:1      | Wiggles the Minotaur Berserker began the quest for the Orb.
     0 | D:1      | Reached XP level 1. HP: 19/19 MP: 0/0
    57 | D:1      | Reached skill level 4 in Axes
    57 | D:1      | Reached XP level 2. HP: 26/27 MP: 1/1
   473 | D:1      | Reached XP level 3. HP: 33/33 MP: 2/2
   916 | D:2      | Reached ** piety under Trog
  1597 | D:3      | Noticed Ijyb
  1605 | D:3      | Killed Ijyb
  1606 | D:3      | Reached skill level 5 in Axes
  1606 | D:3      | Reached XP level 4. HP: 40/40 MP: 3/3
  1771 | D:3      | Reached XP level 5. HP: 33/47 MP: 4/4
  1917 | D:3      | Found a faded altar of an unknown god.
  2128 | D:3      | Noticed Terence
  2135 | D:3      | Killed Terence
  2136 | D:3      | Reached skill level 6 in Axes
  2548 | D:4      | Noticed a phantom
  2552 | D:4      | Reached XP level 6. HP: 53/53 MP: 5/5
  2583 | D:4      | Noticed Sigmund
  2595 | D:4      | Killed Sigmund
  2596 | D:4      | Reached skill level 5 in Fighting
  2596 | D:4      | Reached skill level 7 in Axes
  2596 | D:4      | Reached skill level 1 in Shields
  2847 | D:4      | Reached XP level 7. HP: 59/61 MP: 6/6
  2978 | D:4      | Reached *** piety under Trog
  2985 | D:4      | Reached skill level 8 in Axes
  3005 | D:4      | Found a basalt altar of Yredelemnul.
  3174 | D:5      | Entered Level 5 of the Dungeon
  3390 | D:5      | Reached XP level 8. HP: 59/70 MP: 7/7
  3449 | D:5      | Reached skill level 9 in Axes
  3572 | D:5      | Reached skill level 5 in Armour
  3701 | D:5      | Found a staircase to the Ecumenical Temple.
  4147 | D:5      | Identified a scroll of acquirement
  4147 | D:5      | Acquired the +0 hat of the Miller {-Cast Str+3 Slay+3}
  4211 | D:6      | Reached skill level 10 in Axes
  4220 | D:6      | Noticed Eustachio
  4227 | D:6      | Killed Eustachio
  4317 | D:6      | Reached XP level 9. HP: 67/78 MP: 8/8
  4317 | D:6      | Found a glowing drain.
  4337 | Sewer    | Entered a sewer
  4377 | Sewer    | Reached **** piety under Trog
  4800 | D:6      | Reached skill level 11 in Axes
  4950 | D:6      | Noticed Maggie
  4961 | D:6      | Killed Maggie
  5086 | D:7      | Found a sparkling altar of Nemelex Xobeh.
  5089 | D:7      | Found a hide-covered altar of Uskayaw.
  5249 | D:7      | Reached skill level 12 in Axes
  5270 | D:7      | Reached ***** piety under Trog
  5281 | D:7      | Found a flagged portal.
  5309 | Bailey   | Entered a bailey
  5542 | Bailey   | Reached skill level 1 in Stealth
  5685 | Bailey   | Reached XP level 10. HP: 84/90 MP: 9/9
  5741 | Bailey   | Found the +9 sword of Power {lifebolt}
  5746 | Bailey   | Noticed an orc knight
  5754 | Bailey   | Killed an orc knight
  5755 | Bailey   | Reached skill level 13 in Axes
  5772 | Bailey   | Acquired the ring of Recklessness {Drain rF+ Int+5 Slay+5}
  6690 | D:8      | Paralysed by a hornet for 2 turns
  6853 | D:8      | Reached skill level 14 in Axes
  6869 | D:8      | Noticed a death yak
  6881 | D:8      | Killed a death yak
  7330 | D:9      | Found a staircase to the Lair.
  7338 | D:9      | Reached skill level 10 in Fighting
  7338 | D:9      | Reached XP level 11. HP: 99/99 MP: 10/10
  7345 | D:9      | Reached skill level 10 in Armour
  7346 | D:9      | Reached skill level 15 in Axes
  8112 | D:10     | Entered Level 10 of the Dungeon
  8191 | D:10     | Found a runed translucent door.
  8233 | D:10     | Noticed FakeRyeBread's ghost (journeyman DjCj)
  8251 | D:10     | Killed FakeRyeBread's ghost
  8251 | D:10     | Reached ****** piety under Trog
  8420 | D:10     | Found a staircase to the Orcish Mines.
  8455 | D:10     | Reached skill level 16 in Axes
  8630 | D:10     | Noticed a deep elf pyromancer
  8637 | D:10     | Killed a deep elf pyromancer
  8685 | D:10     | Noticed Nergalle
  8693 | D:10     | Killed Nergalle
  8693 | D:10     | Received a gift from Trog
  8775 | D:10     | Noticed Psyche
  8775 | Abyss:1  | Cast into level 1 of the Abyss (Psyche)
  8795 | D:10     | Escaped the Abyss
  8798 | D:10     | Killed Psyche
  8919 | D:10     | Noticed Gastronok
  8932 | D:10     | Killed Gastronok
  8933 | D:10     | Reached XP level 12. HP: 89/112 MP: 11/11
  9267 | D:11     | Found Ucucol's Jewellery Shop.
  9442 | D:11     | Reached skill level 17 in Axes
 10003 | Lair:1   | Entered Level 1 of the Lair of Beasts
 10050 | Lair:1   | Noticed Grum
 10063 | Lair:1   | Killed Grum
 10194 | Lair:1   | Noticed Sonja
 10220 | Lair:1   | Mangled by Sonja

Illustrated notes

Levels and vault maps discovered:
D:1:      matt_arrival_debris, layout_loops_cross
D:2:      layout_basic, amcnicky_mini_pool_small, grunt_ministairs_1
D:3:      layout_rooms, ebering_ecumenical_altar_abandoned,
          serial_park_tiny_pond, uniq_terence, uniq_ijyb
D:4:      layout_cave_pods, lemuel_mausoleum_altar_yredelemnul, uniq_sigmund
D:5:      layout_gridville, temple_statues, grunt_decor_fettered,
          minmay_lizard_king
D:6:      layout_rooms, cheibrodos_sewer_entry_sluice, uniq_eustachio,
          uniq_maggie
D:7:      layout_cave_pools, nicolae_overflow_squiral, enter_bailey_4,
          serial_bayou_pond_a
D:8:      layout_rooms, serial_ice, serial_ice_o, serial_ice_l, serial_ice_e,
          serial_ice_a, minivault_11
D:9:      minmay_flawed_box, layout_small_grid, minmay_lair_entry_grove,
          minivault_19, kennysheep_another_room
D:10:     layout_roguey, orc_0_dummy, gammafunk_ghost_grave, uniq_nergalle,
          uniq_psyche, uniq_gastronok
D:11:     layout_big_octagon, serial_shops, nicolae_diamond_shop
Lair:1:   layout_cave_pods, ebering_ghost_funeral_grove, lemuel_fruit_tree,
          uniq_sonja, uniq_grum, uniq_joseph, uniq_urug

Skill      XL: |  1  2  3  4  5  6  7  8  9 10 11 12 |
---------------+-------------------------------------+-----
Axes           | 4 5 6 7 8 10 12 14 16 17 | 17.2
Fighting       | 4 5 6 8 10 11 12 | 12.2
Armour         | 3 4 6 7 9 11 12 | 12.9
Dodging        | 3 4 |  4.4
Shields        | 1 2 4 |  4.5
Stealth        | 1 |  1.3

Action                     |  1- 3 |  4- 6 |  7- 9 | 10-12 || total
---------------------------+-------+-------+-------+-------++-------
  Melee: Hand axe          |    83 |    16 |       |       ||    99
         Headbutt          |     9 |    10 |    43 |    48 ||   110
         War axe           |       |    71 |   232 |       ||   303
         Broad axe         |       |       |    47 |   253 ||   300
 Invoke: Berserk           |     1 |     2 |     3 |     4 ||    10
    Use: Scroll            |       |       |    12 |    11 ||    23
 Armour: Animal skin       |     2 |       |       |       ||     2
         Leather armour    |    13 |    13 |       |       ||    26
         Scale mail        |       |    13 |    16 |       ||    29
         Chain mail        |       |       |    39 |       ||    39
         Plate armour      |       |       |    56 |   132 ||   188
  Dodge: Dodged            |    56 |    54 |   211 |   170 ||   491
  Block: Buckler           |     3 |     7 |    51 |    52 ||   113
